 Dungeon Crawl Stone Soup version 0.19-a0-994-g3c636f0 (webtiles) character file.

21 4thArraOfDagon the Vexing (level 2, -7/25 HPs)
             Began as a Naga Arcane Marksman on July 16, 2016.
             Mangled by a gnoll
             ... wielding a +0 halberd
              (8 damage)
             ... on level 3 of the Dungeon.
             The game lasted 00:01:46 (410 turns).

4thArraOfDagon the Vexing (Naga Arcane Marksman)     Turns: 410, Time: 00:01:47

Health: -7/25      AC:  4    Str: 13    XL:     2   Next: 87%
Magic:  3/3        EV:  8    Int: 13    God:
Gold:   32         SH:  0    Dex: 10    Spells: 1 memorised, 2 levels left

rFire  + . .     SeeInvis +     a - +0 shortbow
rCold  x . .     Gourm    .     j - +0 ring mail
rNeg   . . .     Faith    .     (shield currently unavailable)
rPois  +         Spirit   .     (no helmet)
rElec  .         Dismiss  .     n - +0 cloak
rCorr  .         Reflect  .     (no gloves)
SustAt .         Harm     .     (no barding)
MR     .....                    (no amulet)
Stlth  ..........               (no ring)
                                k - ring of fire

@: very slow, not resistant to hostile enchantments, extremely unstealthy
A: see invisible, deformed body, poison resistance, slowness 2, slow metabolism
1, spit poison 2, AC +0
a: Spit Poison


You were on level 3 of the Dungeon.
You were not hungry.

You visited 1 branch of the dungeon, and saw 3 of its levels.

You collected 32 gold pieces.

Inventory:

Hand Weapons
 a - a +0 shortbow (weapon)
 h - a +2 dagger of freezing
Missiles
 d - 42 arrows (quivered)
Armour
 e - a +0 robe
 j - a +0 ring mail (worn)
 n - a +0 cloak (worn)
Jewellery
 k - a ring of fire (left hand)
Scrolls
 i - a scroll of identify {unknown}
Potions
 l - a potion of might {unknown}
 m - a potion of curing {unknown}
 o - 2 potions of haste {unknown}
Books
 c - a book of Debilitation

   Spells                             Type                      Level
   a - Corona                         Hexes                        1
   b - Slow                           Hexes                        2
   c - Gell's Gravitas                Hexes/Translocation          3
   d - Inner Flame                    Hexes/Fire                   3
   e - Cause Fear                     Hexes                        4
   f - Leda's Liquefaction            Hexes/Earth                  4
Comestibles
 b - a meat ration
 f - a bread ration
 g - a slice of pizza


   Skills:
 - Level 1.0 Fighting
 * Level 3.0 Bows
 - Level 1.5 Dodging
 - Level 1.0 Spellcasting
 - Level 3.0 Hexes


You had 2 spell levels left.
You knew the following spells:

 Your Spells              Type           Power        Failure   Level  Hunger
a - Corona                Hex            #......      21%         1    ##.....


Dungeon Overview and Level Annotations

Branches:
Dungeon (3/15)

Altars:


Innate Abilities, Weirdness & Mutations

You cannot wear boots.
Your serpentine skin is tough. (AC +0)
You have supernaturally acute eyesight. (SInv)
Armour fits poorly on your strangely shaped body.
Your system is resistant to poisons. (rPois)
You cover ground very slowly.
You have a slow metabolism.
You can spit poison.


Message History

You open the door.
There is an open door here.
A rat comes into view.
Found 7 poisoned needles.
A gnoll comes into view. It is wielding a halberd.
Unknown command.
The rat twitches its whiskers.
The rat bites you. The rat bites you but does no damage.
There is an open door here.
The rat bites you. The gnoll hits you but does no damage.
There is an open door here.
The gnoll hits you from afar with a halberd!
* * * LOW HITPOINT WARNING * * *
The rat bites you.
* * * LOW HITPOINT WARNING * * *
The rat bites you.
* * * LOW HITPOINT WARNING * * *
The gnoll hits you from afar with a halberd!
You die...

########
#......#
######......#
#...rg......#
###@##......#
#.##......#
#<###'##### #
### #.#
#.########.#
.###......g...#
........#######
........#
....g...#


You could see a gnoll and a rat.

Vanquished Creatures
  An adder (D:2)
  A worm (D:3)
  A dart slug (D:2)
  A hobgoblin (D:2)
  2 goblins
  2 kobolds
  2 rats (D:2)
10 creatures vanquished.

Notes
Turn   | Place    | Note
-------+----------+-------------------------------------------
     0 | D:1      | 4thArraOfDagon the Naga Arcane Marksman began the quest for the Orb.
     0 | D:1      | Reached XP level 1. HP: 18/18 MP: 2/2
     0 | D:1      | jacquesderrida: It communicates a certain degree of uncertainty
     0 | D:1      | Turgon: Does it have any influence on games?
    87 | D:1      | jacquesderrida: Did his life amount to anything?
    91 | D:1      | Turgon: Like Schrodinger's cat?
   159 | D:2      | jacquesderrida: Or was it merely a spectacle for the gods?!
   197 | D:2      | Reached XP level 2. HP: 16/25 MP: 3/3
   410 | D:3      | HP: 1/25 [rat (2)]
   410 | D:3      | Mangled by a gnoll

Vault maps used:
D:1:      scummos_arrival_simple_fountains
D:2:      minmay_roachtagon
D:3:      first_bread

Skill      XL: |  1  2 |
---------------+-------+-----
Bows           | 2 3 |  3.0
Fighting       | |  1.0
Dodging        | |  1.5
Spellcasting   | |  1.0
Hexes          | |  3.0

Action                   || total
-------------------------++-------
Melee: Dagger            ||     7
 Fire: Shortbow          ||    19
 Abil: Spit Poison       ||     4
Armor: Ring mail         ||     5
Dodge: Dodged            ||     2
